 Dungeon Crawl Stone Soup version 0.30-a0-738-g116ff8c4af (webtiles) character file.

Game seed: 4825502672244254230

64 KleinerIrrer the Vexing (level 3, 0/20 HPs)
             Began as a Deep Elf Hexslinger on Feb 3, 2023.
             Slain by Natasha (3 damage)
             ... on level 2 of the Dungeon.
             The game lasted 00:02:32 (1413 turns).

KleinerIrrer the Vexing (Deep Elf Hexslinger)       Turns: 1413, Time: 00:02:33

Health: 0/20       AC:  3    Str:  7    XL:     3   Next: 91%
Magic:  8/8        EV: 13    Int: 17    God:
Gold:   142        SH:  0    Dex: 17    Spells: 5/6 levels left

rFire   . . .      SeeInvis .    j - +1 dagger (venom)
rCold   . . .      Faith    .    (no shield)
rNeg    . . .      Spirit   .    c - +0 robe
rPois   +          Reflect  .    (no helmet)
rElec   .          Harm     .    (no cloak)
rCorr   .          Rampage  .    m - +0 pair of gloves
Will    .....                    (no boots)
Stlth   ++                       (no amulet)
HPRegen 0.23/turn                d - ring of poison resistance
MPRegen 0.11/turn                (no ring)

@: brilliant
A: no striking features
a: no special abilities


You were on level 2 of the Dungeon.
You visited 1 branch of the dungeon, and saw 2 of its levels.

You collected 142 gold pieces.

Inventory:

Hand Weapons
 a - a +1 sling
 j - a +1 dagger of venom (weapon)
Armour
 c - a +0 robe (worn)
 m - a +0 pair of gloves (worn)
Jewellery
 d - a ring of poison resistance (left hand)
Wands
 o - a wand of charming (11)
Scrolls
 b - a scroll of poison
 g - a scroll of identify {unknown}
 i - 2 scrolls of vulnerability {unknown}
 p - a scroll of enchant armour {unknown}
 s - a scroll of amnesia {unknown}
Potions
 e - a potion of flight {unknown}
 f - a potion of brilliance
 h - a potion of heal wounds {unknown}
 k - 3 potions of curing
 l - a potion of invisibility {unknown}
 n - 2 potions of degeneration {unknown}
 q - a potion of berserk rage {unknown}
 r - a potion of lignification {unknown}


   Skills:
 + Level 1.4 Fighting
 * Level 4.0 Ranged Weapons
 + Level 3.0 Dodging
 + Level 2.3 Spellcasting
 + Level 4.4 Hexes


You had 5 spell levels left.
You knew the following spells:

 Your Spells              Type           Power      Damage    Failure   Level
a - Slow                  Hex            100%       N/A       3%          1

Your spell library contained the following spells:

 Spells                   Type           Power      Damage    Failure   Level
 Inner Flame              Hex/Fire       14%        N/A       22%         3
 Portal Projectile        Hex/Tloc       28%        N/A       22%         3
 Cause Fear               Hex            12%        N/A       30%         4


Dungeon Overview and Level Annotations

Branches:
Dungeon (2/15)

Altars:
Elyvilon

Annotations:
D:2 Natasha


Message History

The sling bullet barely misses the crimson imp.
The sling bullet closely misses the crimson imp.
Natasha claws you.
You are too injured to fight recklessly!
You are too injured to fight recklessly!
You are too injured to fight recklessly!
Okay, then.
It was a potion of brilliance.
You feel clever all of a sudden. Natasha claws you but does no damage.
It was a potion of curing.
You feel better. Natasha barely misses you.
Fire: a) +1 sling
Press: ? - help, Shift-Dir - straight line, f/p - Natasha
Aim: Natasha (moderately wounded, 53% to hit)
You shoot a sling bullet. The sling bullet barely misses Natasha.
The sling bullet barely misses the crimson imp. x2
Natasha claws you but does no damage.
Fire: a) +1 sling
Press: ? - help, Shift-Dir - straight line, f/p - Natasha
Aim: Natasha (moderately wounded, 53% to hit)
You shoot a sling bullet. The sling bullet barely misses Natasha.
The sling bullet hits the crimson imp.
The crimson imp is lightly wounded.
Natasha barely misses you. Natasha casts a spell at you.
The magic dart hits you!
Fire: a) +1 sling
Press: ? - help, Shift-Dir - straight line, f/p - Natasha
Aim: Natasha (moderately wounded, 53% to hit)
You shoot a sling bullet. The sling bullet barely misses Natasha.
The sling bullet barely misses the crimson imp.
The sling bullet completely misses the crimson imp.
The crimson imp blinks!
Natasha claws you.
* * * LOW HITPOINT WARNING * * *
Your +1 dagger of venom begins to drip with poison!
j - a +1 dagger of venom (weapon)
You hit Natasha but do no damage.
Natasha is moderately wounded.
Natasha claws you.
You die...

# # # ######
##########
#.....
#.@......#
#.####
#h######.#
#.# # #5#
#.# #.####
#.#
#.#####...##
#.#
#........)..
#.#
#######...##
#.# ##.###
#5# #.# #
#.# #.#


You could see Natasha and 2 crimson imps.

Vanquished Creatures
  4 dart slugs
  6 ball pythons
  9 endoplasms
  2 giant cockroaches
  3 goblins
  7 hobgoblins
  5 kobolds
  5 bats
  3 frilled lizards
  6 rats (D:1)
50 creatures vanquished.

Notes
Turn   | Place    | Note
-------+----------+-------------------------------------------
     0 | D:1      | KleinerIrrer the Deep Elf Hexslinger began the quest for
                  | the Orb.
     0 | D:1      | Reached XP level 1. HP: 11/11 MP: 5/5
   109 | D:1      | Reached XP level 2. HP: 16/16 MP: 6/6
   156 | D:1      | Reached skill level 1 in Fighting
   370 | D:1      | Reached XP level 3. HP: 16/20 MP: 8/8
  1045 | D:2      | Found a white marble altar of Elyvilon.
  1397 | D:2      | Noticed Natasha
  1413 | D:2      | Slain by Natasha

Illustrated notes

Levels and vault maps discovered:
D:1:      dpeg_arrival_arbitrary_b, layout_loops_ring, minmay_hexomino_p4
D:2:      layout_loops_ring, basic_altar, uniq_natasha

Skill      XL: |  1  2  3 |
---------------+----------+-----
Ranged Weapons | 3 4 |  4.0
Fighting       | 1 |  1.4
Spellcasting   | 2 |  2.3
Dodging        | 3 |  3.0
Hexes          | |  4.4

Action                     || total
---------------------------++-------
  Melee: Dagger            ||     1
   Fire: Sling             ||   142
    Use: Potion            ||     2
 Armour: Robe              ||    11
  Dodge: Dodged            ||    51

Table legend: (Time is in decaauts)
 A = Elapsed time spent in this place.
 B = Non-inter-level travel time spent in this place.
 C = Inter-level travel time spent in this place.
 D = Time resting spent in this place.
 E = Time spent auto-exploring this place.
 F = Levels seen in this place.
 G = Mean time per level.
                   A        B        C        D        E       F      G
               +--------+--------+--------+--------+--------+-----+--------+
         Total |   1443 |   1396 |     47 |      0 |   1091 |   2 |  721.5 |
       Dungeon |   1443 |   1396 |     47 |      0 |   1091 |   2 |  721.5 |
               +--------+--------+--------+--------+--------+-----+--------+

Top non-repeatable levels by time:
     D:1: 940 daAuts
     D:2: 503 daAuts
